 Dungeon Crawl Stone Soup version 0.27-a0-245-g075faa5519 (webtiles) character file.

Game seed: 18352508453496974834

885 hidenotslide the Chopper (level 7, 0/63 HPs)
             Began as a Deep Dwarf Necromancer on Feb 3, 2021.
             Slain by a centaur (8 damage)
             ... on level 5 of the Dungeon.
             The game lasted 00:15:16 (6177 turns).

hidenotslide the Chopper (Deep Dwarf Necromancer)   Turns: 6177, Time: 00:15:17

Health: 0/63       AC:  0    Str: 13    XL:     7   Next: 76%
Magic:  1/10       EV: 10    Int: 16    God:
Gold:   282        SH:  3    Dex: 13    Spells: 8/12 levels left

rFire    . . .     SeeInvis .   a - +1 hand axe (vorpal)
rCold    . . .     Faith    .   I - +0 buckler
rNeg     . . .     Spirit   .   B - +0 ring mail
rPois    .         Reflect  .   h - +1 hat
rElec    .         Harm     .   (no cloak)
rCorr    .         Rampage  .   e - +0 pair of gloves
Will     +....                  (no boots)
Stlth    +.........             (no amulet)
HPRegen  0.00/turn              (no ring)
MPRegen  0.12/turn              (no ring)

@: corroded, non-regenerating
A: damage resistance, heal wounds, sense surroundings 1, no regeneration
a: Heal Wounds


You were on level 5 of the Dungeon.
You visited 1 branch of the dungeon, and saw 5 of its levels.

You collected 282 gold pieces.

Inventory:

Hand Weapons
 a - a +1 vorpal hand axe (weapon)
 b - a +2 dagger of venom
Missiles
 d - 166 stones
 C - a throwing net
Armour
 e - a +0 pair of gloves (worn)
 h - a +1 hat (worn)
 l - a +0 robe
 n - a +0 chain mail
 p - a +0 kite shield
 v - +0 fire dragon scales
 B - a +0 ring mail (worn)
 H - a +0 leather armour
 I - a +0 buckler (worn)
Jewellery
 c - a +6 ring of intelligence {unknown}
 w - an uncursed ring of stealth {unknown}
 A - an uncursed ring of ice {unknown}
 F - an uncursed amulet of guardian spirit {unknown}
Wands
 z - a wand of mindburst (8)
Scrolls
 f - 9 scrolls of identify {unknown}
 g - a scroll of random uselessness {unknown}
 m - 3 scrolls of magic mapping {unknown}
 o - a scroll of blinking {unknown}
 r - 6 scrolls of teleportation {unknown}
 y - 2 scrolls of remove curse {unknown}
 D - 2 scrolls of amnesia {unknown}
 E - a scroll of fog {unknown}
 G - a scroll of immolation {unknown}
 J - a scroll of fear {unknown}
Potions
 i - 3 potions of curing {unknown}
 j - a potion of heal wounds {unknown}
 k - 2 potions of mutation {unknown}
 q - a potion of magic {unknown}
 s - a potion of ambrosia {unknown}
 t - a potion of brilliance {unknown}
 u - 2 potions of attraction {unknown}
 x - 2 potions of flight {unknown}


   Skills:
 - Level 3.9 Fighting
 * Level 6.0 Axes
 + Level 4.1 Armour
 - Level 2.1 Dodging
 - Level 2.4 Stealth
 + Level 0.4 Shields
 - Level 3.0 Spellcasting
 - Level 4.3 Necromancy


You had 8 spell levels left.
You knew the following spells:

 Your Spells              Type           Power        Failure   Level
a - Pain                  Necr           64%          10%         1
b - Vampiric Draining     Necr           8%           30%         3

Your spell library contained the following spells:

 Spells                   Type           Power        Failure   Level
 Animate Skeleton         Necr           32%          10%         1
 Apportation              Tloc           4%           52%         1
 Corona                   Hex            2%           52%         1
 Magic Dart               Conj           8%           52%         1
 Summon Small Mammal      Summ           8%           52%         1
 Blink                    Tloc           N/A          65%         2
 Call Imp                 Summ           2%           65%         2
 Slow                     Hex            2%           65%         2
 Animate Dead             Necr           8%           69%         4
 Conjure Flame            Conj/Fire      2%           87%         3
 Mephitic Cloud           Conj/Pois/Air  2%           87%         3
 Agony                    Necr           16%          95%         5


Dungeon Overview and Level Annotations

Branches:
Dungeon (5/15)
 Temple: D:4-7

Altars:
Nemelex Xobeh
Trog
Xom
The Shining One


Innate Abilities, Weirdness & Mutations

You are resistant to damage.
You can heal yourself by infusing magical energy.
You passively map a small area around you.
You do not regenerate.


Message History

You barely miss the centaur.
The centaur is almost dead.
You block the centaur's attack.
You barely miss the centaur.
The centaur is almost dead.
The centaur hits you!
* * * LOW HITPOINT WARNING * * *
The centaur barely misses you.
You barely miss the centaur.
The centaur is almost dead.
The centaur barely misses you. The centaur closely misses you.
You hit the centaur but do no damage.
The centaur is almost dead.
The centaur barely misses you.
You hit the centaur but do no damage.
The centaur is almost dead.
The centaur hits you!
* * * LOW HITPOINT WARNING * * *
The centaur hits you!
You die...

#.....#...#..........
#.....#...#..........
#.....#...#..........
#.....#...#........≈♣
#.....#####......≈♣≈♣
#.....# #.....♣≈≈≈≈
#.....# #...≈≈≈P≈≈P
#.....# #..♣♣≈P≈P≈♣
#...@.# #.≈♣≈≈≈♣≈≈≈
#....c# #.♣≈P♣≈≈≈≈≈
#.....# #.♣≈PPP≈≈≈≈
#.....# #..≈♣P≈♣P≈≈
#.....# #...♣≈≈P≈≈≈
#.....# #....≈≈≈≈≈P
#.....# #......P♣♣≈
#.....# #.......♣♣♣ *
#..........


You could see a centaur.

Vanquished Creatures
  Sigmund (D:3)
  2 ogres (D:4)
  Blork the orc (D:5)
  A scorpion (D:4)
  A howler monkey (D:4)
  A jelly (D:5)
  A hound (D:4)
  2 iguanas (D:4)
  Natasha (D:3)
  An orc wizard (D:4)
  A worker ant (D:4)
  A hound skeleton (D:4)
  10 adders
  A white imp (D:5)
  An adder zombie (D:5)
  An adder skeleton (D:5)
  A worm (D:4)
  4 dart slugs
  2 leopard geckos
  2 orcs
  2 ball pythons (D:2)
  6 bats
  4 giant cockroaches
  10 goblins
  9 hobgoblins
  12 jackals
  2 quokkas
  7 frilled lizards
  A jackal skeleton (D:5)
  13 kobolds
  A leopard gecko skeleton (D:4)
  11 rats
114 creatures vanquished.

Vanquished Creatures (others)
  3 plants
3 creatures vanquished.

Grand Total: 117 creatures vanquished

Notes
Turn   | Place    | Note
-------+----------+-------------------------------------------
     0 | D:1      | hidenotslide the Deep Dwarf Necromancer began the quest for
                  | the Orb.
     0 | D:1      | Reached XP level 1. HP: 15/15 MP: 3/3
   288 | D:1      | Reached skill level 1 in Fighting
   288 | D:1      | Reached XP level 2. HP: 25/25 MP: 0/5
   613 | D:1      | Found a glowing golden altar of the Shining One.
   619 | D:1      | Reached XP level 3. HP: 29/31 MP: 2/6
   804 | D:1      | Learned a level 3 spell: Vampiric Draining
  1564 | D:2      | Reached XP level 4. HP: 38/39 MP: 3/8
  1622 | D:2      | Found a shimmering altar of Xom.
  1624 | D:2      | Found a shimmering altar of Xom.
  1624 | D:2      | Found a shimmering altar of Xom.
  1624 | D:2      | Found a shimmering altar of Xom.
  1625 | D:2      | Found a shimmering altar of Xom.
  1629 | D:2      | Found a shimmering altar of Xom.
  3029 | D:3      | Reached XP level 5. HP: 49/49 MP: 2/9
  3154 | D:3      | Found a faded altar of an unknown god.
  3370 | D:3      | Noticed Natasha
  3377 | D:3      | Killed Natasha
  3872 | D:3      | Noticed Sigmund
  3887 | D:3      | Killed Sigmund
  3888 | D:3      | Reached skill level 2 in Axes
  3888 | D:3      | Reached skill level 1 in Armour
  3888 | D:3      | Reached XP level 6. HP: 27/57 MP: 6/10
  4018 | D:4      | Reached skill level 3 in Axes
  4306 | D:4      | Found a sparkling altar of Nemelex Xobeh.
  4364 | D:4      | Reached skill level 4 in Axes
  4380 | D:4      | Reached XP level 7. HP: 31/63 MP: 2/11
  4588 | D:4      | Reached skill level 5 in Axes
  5236 | D:5      | Entered Level 5 of the Dungeon
  5387 | D:5      | Found a bloodstained altar of Trog.
  5429 | D:5      | Noticed Blork the orc
  5438 | D:5      | Killed Blork the orc
  6168 | D:5      | Reached skill level 6 in Axes
  6177 | D:5      | Slain by a centaur

Illustrated notes

Levels and vault maps discovered:
D:1:      roderic_octagonal_star, layout_rooms, tso_altar
D:2:      layout_loops_corners, corexii_shack, xom_redecorated
D:3:      layout_loops_corners, chequers_ecumenical_altar_simple, uniq_sigmund,
          uniq_natasha
D:4:      minmay_recursive_quarters, layout_basic, nemelex_altar_shiori,
          corexii_corridor_pit
D:5:      layout_gridville, nicolae_overflow_hidden_temple, chequers_garden,
          hangedman_abyss_or_decor_slice, serial_bayou_lake_a,
          uniq_blork_the_orc

Skill      XL: |  1  2  3  4  5  6  7 |
---------------+----------------------+-----
Spellcasting   | 2 3 |  3.0
Fighting       | 1 2 3 |  3.9
Axes           | 2 4 6 |  6.0
Armour         | 1 2 4 |  4.1
Dodging        | |  2.1
Stealth        | |  2.4
Shields        | |  0.4
Necromancy     | |  4.3

Action                   |  1- 3 |  4- 6 |  7- 9 || total
-------------------------+-------+-------+-------++-------
Melee: Whip              |    22 |       |       ||    22
       Dagger            |    17 |    41 |       ||    58
       Hand axe          |       |    18 |    56 ||    74
 Cast: Pain              |    73 |    37 |    12 ||   122
       Vampiric Draining |     2 |    26 |    19 ||    47
 Abil: Heal Wounds       |       |       |     2 ||     2
 Stab: Sleeping          |     1 |       |       ||     1
Armor: Robe              |    21 |     7 |       ||    28
       Ring mail         |       |     6 |    23 ||    29
Dodge: Dodged            |    42 |    45 |    40 ||   127
Block: Buckler           |       |       |     5 ||     5

Table legend: (Time is in decaauts)
 A = Elapsed time spent in this place.
 B = Non-inter-level travel time spent in this place.
 C = Inter-level travel time spent in this place.
 D = Time resting spent in this place.
 E = Time spent auto-exploring this place.
 F = Levels seen in this place.
 G = Mean time per level.
                   A        B        C        D        E       F      G
               +--------+--------+--------+--------+--------+-----+--------+
         Total |   6195 |   6072 |    123 |    125 |   4973 |   5 | 1239.0 |
       Dungeon |   6195 |   6072 |    123 |    125 |   4973 |   5 | 1239.0 |
               +--------+--------+--------+--------+--------+-----+--------+

Top non-repeatable levels by time:
     D:3: 1447 daAuts
     D:2: 1387 daAuts
     D:4: 1248 daAuts
     D:1: 1159 daAuts
     D:5: 952 daAuts
